 Dungeon Crawl Stone Soup version 0.24.0-1-gfbc8707 (webtiles) character file.

Game seed: 17590413703475692714, levelgen mode: deterministic

430 Fang the Skirmisher (level 6, 0/60 HPs)
             Began as a Gargoyle Berserker on Oct 28, 2019.
             Was an Elder of Trog.
             Slain by Duvessa
             ... wielding a +3 rapier
              (9 damage)
             ... on level 4 of the Dungeon.
             The game lasted 00:04:49 (3372 turns).

Fang the Skirmisher (Gargoyle Berserker)            Turns: 3372, Time: 00:04:49

Health: 0/60       AC:  9    Str: 28    XL:     6   Next: 99%
Magic:  6/6        EV: 13    Int:  7    God:    Trog [****..]
Gold:   134        SH:  0    Dex:  9    Spells: 5/5 levels left

rFire    . . .     SeeInvis .   a - +0 hand axe
rCold    . . .     Gourm    .   (no shield)
rNeg     + . .     Faith    .   b - +0 animal skin
rPois    ∞         Spirit   .   n - +2 helmet
rElec    +         Reflect  .   (no cloak)
rCorr    .         Harm     .   (no gloves)
MR       .....                  (no boots)
Stlth    ..........             (no amulet)
HPRegen  0.20/turn              (no ring)
MPRegen  0.10/turn              (no ring)

@: berserking, very quick
A: negative energy resistance 1, electricity resistance, unbreathing,
petrification resistance, rot immunity, AC +4
a: Berserk, Trog's Hand, Brothers in Arms, Renounce Religion


You were on level 4 of the Dungeon.
You worshipped Trog.
Trog was greatly pleased with you.
You were hungry.

You visited 1 branch of the dungeon, and saw 4 of its levels.

You collected 134 gold pieces.

Inventory:

Hand Weapons
 a - a +0 hand axe (weapon)
Armour
 b - a +0 animal skin (worn)
 n - a +2 helmet (worn)
Scrolls
 d - 2 scrolls of immolation {unknown}
 e - 3 scrolls of enchant armour {unknown}
 f - 2 scrolls of enchant weapon {unknown}
 g - 2 scrolls of remove curse {unknown}
 h - 2 scrolls of teleportation {unknown}
 i - a scroll of noise {unknown}
 k - 7 scrolls of identify {unknown}
 m - a scroll of amnesia {unknown}
 p - a scroll of fog {unknown}
Potions
 j - 2 potions of heal wounds {unknown}
 l - 2 potions of curing {unknown}
 o - a potion of lignification {unknown}
 q - a potion of magic {unknown}
 s - a potion of berserk rage {unknown}
Comestibles
 c - 11 rations


   Skills:
 + Level 5.0 Fighting
 + Level 4.1 Axes
 + Level 4.3 Armour
 + Level 3.2 Dodging


You had 5 spell levels left.
You didn't know any spells.
Your spell library was empty.

Dungeon Overview and Level Annotations

Branches:
Dungeon (4/15)
 Temple: D:4-7

Altars:
Ashenzari
Elyvilon
Uskayaw

Annotations:
D:4 Duvessa


Innate Abilities, Weirdness & Mutations

You are resistant to torment.
Your stone body is resilient. (AC +4)
You are immune to poison.
You resist negative energy. (rN+)
You are resistant to electric shocks. (rElec)
You can survive without breathing.
You are immune to petrification.
You are immune to rotting.


Message History

* * * LOW HITPOINT WARNING * * *
Duvessa hits you with a +3 rapier.
* * * LOW HITPOINT WARNING * * *
You hit Dowan.
Dowan is almost dead.
You closely miss something. You slash Duvessa!
Something hits you but does no damage. Dowan barely misses you.
Duvessa closely misses you.
You hit Dowan.
You kill Dowan!
Trog accepts your kill.
You can now call in reinforcements.
Trog appreciates your killing of a magic user.
Duvessa screams in rage.
Duvessa goes berserk!
Your Fighting skill increases to level 5!
You hit Duvessa. You closely miss something. Something hits you.
* * * LOW HITPOINT WARNING * * *
A hound comes into view.
Duvessa hits you with a +3 rapier!
You die...

....... ........#
## .........##
..##.
..........###.....
..................
..................
..........{).....%
..........@)......
..........†e......
.......<..........
........$.........
...h.......##.....
..........## .....
..........# ....
..........# ....
#.##......#


You could see Duvessa (berserk) and a hound (wandering).

Vanquished Creatures
  Dowan (D:4)
  3 orc priests
  An iguana (D:2)
  2 orc wizards (D:3)
  Natasha (twice) (D:3)
  Terence (D:2)
  2 adders (D:2)
  An ooze (D:4)
  3 worms
  A leopard gecko (D:1)
  14 orcs
  8 bats
  3 giant cockroaches
  8 goblins
  14 hobgoblins
  13 jackals
  A quokka (D:3)
  3 ball pythons
  7 frilled lizards
  4 kobolds
  7 rats
  A bush (D:3)
100 creatures vanquished.

Notes
Turn   | Place    | Note
-------+----------+-------------------------------------------
     0 | D:1      | Fang the Gargoyle Berserker began the quest for the Orb.
     0 | D:1      | Reached XP level 1. HP: 14/14 MP: 1/1
   101 | D:1      | Reached XP level 2. HP: 16/19 MP: 2/2
   851 | D:1      | Reached XP level 3. HP: 14/24 MP: 3/3
  1234 | D:2      | Found a hide-covered altar of Uskayaw.
  1296 | D:2      | Reached ** piety under Trog
  1566 | D:2      | HP: 1/36 [iguana (4)]
  1567 | D:2      | Reached skill level 4 in Fighting
  1567 | D:2      | Reached XP level 4. HP: 2/29 MP: 4/4
  1575 | D:2      | Noticed Terence
  1611 | D:2      | Killed Terence
  2000 | D:2      | Reached XP level 5. HP: 20/33 MP: 5/5
  2195 | D:2      | Noticed a +0 hand axe
  2197 | D:2      | Noticed a +0 dagger
  2366 | D:3      | Reached *** piety under Trog
  2876 | D:3      | Noticed Natasha
  2888 | D:3      | Killed Natasha
  2888 | D:3      | Reached XP level 6. HP: 39/39 MP: 6/6
  2968 | D:3      | Found a white marble altar of Elyvilon.
  2974 | D:3      | Found a shattered altar of Ashenzari.
  3007 | D:3      | Noticed Natasha
  3017 | D:3      | Killed Natasha
  3357 | D:4      | Noticed Duvessa
  3358 | D:4      | Noticed Dowan
  3372 | D:4      | Killed Dowan
  3372 | D:4      | Reached **** piety under Trog
  3372 | D:4      | Reached skill level 5 in Fighting
  3372 | D:4      | Slain by Duvessa

Levels and vault maps discovered:
D:1:      eino_arrival_cavern_c, layout_loops_corners
D:2:      layout_basic, dancing_weapons_uskayaw, uniq_terence
D:3:      layout_basic, amethyst_overflow_temple_binary, serial_forest,
          infiniplex_forest_lined_room_, infiniplex_forest_zigzag_1,
          infiniplex_forest_lined_corner, infiniplex_forest_end_3,
          infiniplex_forest_clump_large, infiniplex_forest_split,
          infiniplex_forest_straight_3, first_ration, kennysheep_generic_room_5,
          uniq_natasha
D:4:      layout_cave_pools, uniq_ijyb, uniq_sigmund, uniq_duvessa

Skill      XL: |  1  2  3  4  5  6 |
---------------+-------------------+-----
Axes           | 3 4 |  4.1
Dodging        | 2 3 |  3.2
Fighting       | 4 5 |  5.0
Armour         | 3 4 |  4.3

Action                   |  1- 3 |  4- 6 || total
-------------------------+-------+-------++-------
Melee: Hand axe          |   167 |   312 ||   479
Invok: Berserk           |     1 |     4 ||     5
       Trog's Hand       |       |     3 ||     3
  Eat: Chunk             |     2 |    12 ||    14
Armor: Animal skin       |    60 |   120 ||   180
Dodge: Dodged            |   122 |   178 ||   300
